 Dungeon Crawl Stone Soup version 0.31.0-4-g52a2dc7128 (webtiles) character file.

Game seed: 1102340381580437639

7472 Strat the Slicer (level 11, -5/58 HPs)
             Began as a Vine Stalker Necromancer on Jan 22, 2024.
             Was a Priest of Uskayaw.
             Slain by a shadow (10 damage)
             ... on level 10 of the Dungeon.
             The game lasted 00:24:08 (9161 turns).

Strat the Slicer (Vine Stalker Necromancer)         Turns: 9161, Time: 00:24:09

Health: -5/58      AC: 14    Str: 17    XL:     11   Next: 15%
Magic:  0/16       EV: 12    Int: 15    God:    Uskayaw [***...]
Gold:   426        SH: 12    Dex: 24    Spells: 13/14 levels left

rFire   . . .        a - +1 dagger (venom)
rCold   . . .        E - +2 buckler
rNeg    . . .        p - +0 steam dragon scales
rPois   .            c - +2 helmet
rElec   .            f - +0 cloak of the Aged Knives {Dex+5}
rCorr   .            B - +0 pair of gloves
SInv    .            C - +1 pair of boots
Will    +....        z - amulet of reflection
Stlth   ++++         v - +6 ring of strength
HPRegen 1.09/turn    (no ring)
MPRegen 0.15/turn

%: reflection, guardian spirit
@: lethally poisoned (-5 -> -5), about to teleport
A: fangs 3, regeneration 1, magic shield, antimagic bite, no potion heal 2
a: Renounce Religion, Stomp, Line Pass


You were on level 10 of the Dungeon.
You worshipped Uskayaw.
Uskayaw was noncommittal.
You visited 2 branches of the dungeon, and saw 11 of its levels.

You collected 585 gold pieces.
You spent 159 gold pieces at shops.

Inventory:

Hand Weapons
 a - a +1 dagger of venom (weapon)
 r - a +3 short sword
 H - a +4 dagger
Missiles
 n - 2 throwing nets
Armour
 c - a +2 helmet (worn)
 f - the +0 cloak of the Aged Knives (worn) {Dex+5}
   (You acquired it on level 6 of the Dungeon)

   Dex+5:     It affects your dexterity (+5).
 l - a +0 ring mail
 p - +0 steam dragon scales (worn)
 B - a +0 pair of gloves (worn)
 C - a +1 pair of boots (worn)
 E - a +2 buckler (worn)
 F - a +0 troll leather armour
Jewellery
 v - a +6 ring of strength (left hand)
 z - an amulet of reflection (around neck)
Talismans
 h - a beast talisman
Wands
 s - a wand of polymorph (5)
 y - a wand of charming (25)
 D - a wand of light (2)
Scrolls
 g - 4 scrolls of revelation
 k - a scroll of torment
 o - 5 scrolls of teleportation
 u - a scroll of amnesia
Potions
 b - a potion of magic
 d - a potion of might
 e - 4 potions of attraction
 i - 2 potions of mutation
 j - 2 potions of haste
 m - 3 potions of enlightenment
 q - 2 potions of brilliance
 t - a potion of heal wounds
 w - 6 potions of curing
 x - a potion of degeneration {unknown}
 A - a potion of lignification {unknown}


   Skills:
 + Level 7.5 Fighting
 - Level 10.0 Short Blades
 - Level 5.0 Armour
 - Level 1.5 Dodging
 + Level 6.3 Stealth
 - Level 2.1 Spellcasting
 - Level 4.0 Necromancy
 + Level 6.3 Invocations


You had 13 spell levels left.
You knew the following spells:

 Your Spells              Type           Power      Damage    Failure   Level
a - Apportation           Tloc           2%         N/A       28%         1

Your spell library contained the following spells:

 Spells                   Type           Power      Damage    Failure   Level
 Necrotise                Necr           52%        1d6       5%          1
 Vampiric Draining        Necr           13%        2d6       17%         3
 Sting                    Conj/Alch      4%         1d3       28%         1
 Summon Small Mammal      Summ           4%         N/A       28%         1
 Animate Dead             Necr           13%        N/A       50%         4
 Dazzling Flash           Conj/Hex       2%         N/A       65%         3
 Gell's Gravitas          Tloc           1%         N/A       65%         3
 Hailstorm                Conj/Ice       1%         3d5       65%         3
 Mephitic Cloud           Conj/Alch/Air  1%         N/A       65%         3
 Stone Arrow              Conj/Erth      2%         3d7       65%         3
 Summon Ice Beast         Ice/Summ       1%         N/A       65%         3
 Teleport Other           Tloc           1%         N/A       65%         3
 Tukima's Dance           Hex            1%         N/A       65%         3
 Curse of Agony           Necr           13%        N/A       83%         5
 Animate Armour           Summ/Erth      2%         N/A       96%         4
 Dimensional Bullseye     Hex/Tloc       0%         N/A       96%         4
 Iskenderun's Mystic Bla  Conj/Tloc      1%         2d3       96%         4
 Silence                  Hex/Air        0%         N/A       100%        5
 Dispersal                Tloc           0%         N/A       100%        6
 Sculpt Simulacrum        Ice/Alch       0%         N/A       100%        6
 Lehudib's Crystal Spear  Conj/Erth      0%         10d2      100%        8


Dungeon Overview and Level Annotations

Branches:
Dungeon (10/15)            Temple (1/1) D:5            Lair (0/5) D:8
    Orc: D:9-12

Altars:
Ashenzari
Cheibriados
Dithmenos
Elyvilon
Gozag
Hepliaklqana
Makhleb
Nemelex Xobeh
Okawaru
Qazlal
Ru
Sif Muna
Trog
Uskayaw
Vehumet
Wu Jian
Xom
Yredelemnul
Zin

Shops:
D:1 *:***   D:3 ?   D:5 *   D:7 (!![   D:8 (   D:9 ?

Annotations:
D:4 2 transporters, paul's ghost, novice OnGl
D:7 Maurice


Innate Abilities, Weirdness & Mutations

You have razor-sharp teeth.
Your natural rate of healing is unusually fast.
When hurt, damage is shared between your health and your magic reserves.
Your bite disrupts and absorbs the magic of your enemies.
Potions cannot restore your health.


Message History

The acid dragon spits acid at you. The splash of acid hits you!!
* * * LOW HITPOINT WARNING * * *
The centaur warrior wields a +0 orcbow.
The centaur warrior shoots an arrow.
The arrow hits you!
* * * LOW HITPOINT WARNING * * *
Items here: ( )))) [[ ††.
As you read the scroll of fog, it dissolves into smoke.
The centaur warrior shoots an arrow.
You block the arrow with an invisible shield... and reflect it back!
The arrow hits the centaur warrior!
The shadow strikes at you from the darkness!
* * * LOW HITPOINT WARNING * * *
Reactivating autopickup.
As you read the scroll of teleportation, it crumbles to dust.
You feel strangely unstable. The shadow hits you.
You hit the centaur warrior.
The centaur warrior looks even sicker.
You bite the centaur warrior, but do no damage.
The centaur warrior is heavily wounded.
The shadow slips into darkness.
The shadow flickers and vanishes!
Deactivating autopickup; reactivate with Ctrl-A.
The centaur warrior unwields a +0 orcbow.
The centaur warrior hits you!
* * * LOW HITPOINT WARNING * * *
You block the centaur warrior's attack.
The kobold throws a poisoned dart.
The poisoned dart hits you.
You are poisoned.
You hit the centaur warrior but do no damage.
You bite the centaur warrior. You drain its power.
You feel invigorated.
The centaur warrior is heavily wounded.
You feel sick. The centaur warrior hits you.
The centaur warrior kicks you but does no damage.
You hit the centaur warrior.
The centaur warrior looks as sick as possible!
You bite the centaur warrior! You drain its power.
You feel invigorated.
The centaur warrior is severely wounded.
You feel sick.
The shadow strikes at you from the darkness!
You die...

... ...##.......#####
#... ..##.............
##.... #.. #............
.......##.###............
.......#.....?/..........
....#.................
##.#§#§KK..........##
#.#.§c#{§†..........#
#..§§@#.#.....<....#
#.~§§§#.#.............
#~..§§#.............K.
#~._.~#..#.......~~~K.
#~...~#.##.....≈~≈≈≈≈≈
#.~~~.#.##....~≈≈≈≈≈≈≈
#.....#......~≈≈~≈~O~≈
.#...#. .##..≈≈≈~P..~≈
#..#.#.##


You could see a centaur warrior (extremely poisoned) and 2 kobolds.

Vanquished Creatures
  2 two-headed ogres (D:9)
  A cyclops (D:8)
  A freezing wraith (D:9)
  3 trolls
  4 wyverns
  A yak (shapeshifter) (D:9)
  4 steam dragons
  4 sky beasts
  A black bear (D:7)
  3 orc warriors
  An ogre (D:5)
  2 centaurs
  2 phantoms
  3 wolves (D:8)
  5 bullfrogs
  A kobold brigand (D:10)
  A gnoll sergeant (D:9)
  A scorpion (D:6)
  8 wights
  12 killer bees
  An electric eel (D:9)
  4 orc priests
  2 bombardier beetles
  8 hounds
  A sleepcap (D:6)
  A gnoll bouda (D:6)
  A jelly (D:6)
  Natasha (thrice) (D:4)
  3 iguanas
  7 orc wizards
  7 adders
  10 gnolls
  A shadow imp (D:7)
  2 ufetubi (D:6)
  4 dart slugs (D:1)
  2 ribbon worms (D:3)
  22 orcs
  8 ball pythons
  12 endoplasms
  4 giant cockroaches
  6 goblins
  3 hobgoblins
  4 jackals (D:1)
  A quokka (D:4)
  5 bats
  5 frilled lizards
  10 kobolds
  7 rats
  A spectral goblin (D:7)
205 creatures vanquished.

Vanquished Creatures (others)
  An electric eel (D:8)
1 creature vanquished.

Grand Total: 206 creatures vanquished

Notes
Turn   | Place    | Note
-------+----------+-------------------------------------------
     0 | D:1      | Strat the Vine Stalker Necromancer began the quest for the
                  | Orb.
     0 | D:1      | Reached XP level 1. HP: 9/9 MP: 4/4
    79 | D:1      | Found Wongarchu's Book Shop.
    90 | D:1      | Reached skill level 1 in Fighting
   137 | D:1      | Found Duqilollo's Assorted Antiques.
   158 | D:1      | Reached XP level 2. HP: 14/14 MP: 6/6
   354 | D:1      | Found Suej's Assorted Antiques.
   398 | D:1      | Found Ockem's General Store.
   405 | D:1      | Bought a scroll of identify for 24 gold pieces
   485 | D:1      | Reached XP level 3. HP: 19/19 MP: 7/7
   649 | D:1      | Found Wousis's General Store.
   885 | D:2      | Reached XP level 4. HP: 10/24 MP: 4/8
  1630 | D:3      | Found Boawadgha's Magic Scroll Emporium.
  1700 | D:3      | Bought a scroll of teleportation for 42 gold pieces
  1744 | D:3      | Reached skill level 1 in Short Blades
  2043 | D:3      | Reached skill level 2 in Short Blades
  2043 | D:3      | Reached XP level 5. HP: 28/28 MP: 9/9
  2206 | D:4      | Found a transporter.
  2431 | D:4      | Reached skill level 3 in Short Blades
  2605 | D:4      | Found a transporter.
  2616 | D:4      | Noticed Natasha
  2623 | D:4      | Killed Natasha
  2624 | D:4      | Reached XP level 6. HP: 30/32 MP: 8/10
  2624 | D:4      | Noticed Natasha
  2632 | D:4      | Killed Natasha
  2673 | D:4      | Noticed paul's ghost (novice OnGl)
  2802 | D:4      | Noticed Natasha
  2810 | D:4      | Killed Natasha
  2811 | D:4      | Reached skill level 4 in Short Blades
  2941 | D:5      | Entered Level 5 of the Dungeon
  2945 | D:5      | Found Ea-nāṣir's Fine Metal Goods.
  3052 | D:5      | Found a staircase to the Ecumenical Temple.
  3098 | Temple   | Entered the Ecumenical Temple
  3116 | Temple   | Became a worshipper of Uskayaw the Reveller
  3177 | D:5      | Reached * piety under Uskayaw
  3242 | D:5      | Reached ** piety under Uskayaw
  3259 | D:5      | Reached skill level 5 in Short Blades
  3259 | D:5      | Reached XP level 7. HP: 25/36 MP: 7/11
  4131 | D:5      | Reached skill level 6 in Short Blades
  4550 | D:6      | Identified a scroll of acquirement
  4550 | D:6      | Acquired the +0 cloak of the Aged Knives {Dex+5}
  4650 | D:6      | Reached skill level 7 in Short Blades
  4650 | D:6      | Gained mutation: You have razor-sharp teeth. [Vine Stalker
                  | growth]
  4650 | D:6      | Reached XP level 8. HP: 40/40 MP: 10/12
  4782 | D:6      | Reached skill level 1 in Armour
  4945 | D:6      | Reached *** piety under Uskayaw
  5743 | D:6      | Reached skill level 8 in Short Blades
  5862 | D:7      | Found Vyfay's Distillery.
  5908 | D:7      | Bought a potion of curing for 45 gold pieces
  5925 | D:7      | Noticed a wyvern
  5958 | D:7      | Killed a wyvern
  5959 | D:7      | Reached skill level 1 in Invocations
  5963 | D:7      | Found Mopn's Distillery.
  5990 | D:7      | Reached XP level 9. HP: 34/46 MP: 11/13
  6027 | D:7      | Found Sesiucy's Antique Armour Boutique.
  6289 | D:7      | Found Afoarexo's Weapon Emporium.
  6305 | D:7      | Found a hazy altar of Hepliaklqana.
  6385 | D:7      | Noticed Maurice
  6454 | D:8      | Found an opulent altar of Gozag.
  6675 | D:8      | Found a staircase to the Lair.
  6864 | D:8      | Reached skill level 5 in Fighting
  7052 | D:8      | Reached skill level 9 in Short Blades
  7067 | D:8      | Noticed a troll
  7076 | D:8      | Killed a troll
  7259 | D:8      | Noticed a cyclops
  7378 | D:8      | Reached XP level 10. HP: 43/51 MP: 12/14
  7484 | D:8      | Found Legiak's Antique Weapon Shop.
  7583 | D:8      | Killed a cyclops
  7708 | D:9      | Noticed a two-headed ogre
  7734 | D:9      | Killed a two-headed ogre
  7735 | D:9      | Reached skill level 10 in Short Blades
  7858 | D:9      | Reached **** piety under Uskayaw
  7890 | D:9      | Learned a level 1 spell: Apportation
  8251 | D:9      | Noticed a two-headed ogre
  8355 | D:9      | Reached skill level 5 in Invocations
  8402 | D:9      | Reached skill level 5 in Armour
  8578 | D:9      | Found Tuageis's Magic Scroll Emporium.
  8582 | D:9      | Bought a scroll of teleportation for 48 gold pieces
  8651 | D:9      | Found a white marble altar of Elyvilon.
  8702 | D:9      | Killed a two-headed ogre
  8703 | D:9      | Reached skill level 5 in Stealth
  8703 | D:9      | Reached XP level 11. HP: 50/58 MP: 12/16
  9006 | D:9      | Found a shimmering blue altar of Sif Muna.
  9058 | D:10     | Entered Level 10 of the Dungeon
  9076 | D:10     | Found a sacrificial altar of Ru.
  9121 | D:10     | Noticed a two-headed ogre
  9133 | D:10     | Noticed a centaur warrior
  9161 | D:10     | Slain by a shadow

Illustrated notes

Levels and vault maps discovered:
D:1:      dpeg_arrival_prison, layout_loops_cross, serial_shops, shop, shop,
          nicolae_shop_tiny_statue_garden, nicolae_shop_crystal,
          nicolae_shop_rolling_square, grunt_decor_junction,
          minmay_misc_feat_enclosed
D:2:      layout_basic, serial_co_window_serial, co_window_corner_a,
          co_window_corner_a, co_window_paths_b, co_window_corner_a,
          co_window_corner_a, co_window_corner_ca, co_window_corner_ca,
          co_window_corner_b, glass_columns_b, glass_columns_a
D:3:      layout_rooms, serial_shops, shop, minmay_fountain_box
D:4:      layout_gridville, gammafunk_ghost_stat_death, chequers_mini_garden,
          uniq_natasha
D:5:      layout_layer_cave, minmay_temple_entry_butterflies,
          nicolae_ea-nasir_strikes_again
D:6:      layout_cave_pods, serial_library_hellmonk_angled_corner
D:7:      layout_rooms, nicolae_hepliaklqana_monster_ancestors, serial_shops,
          shop, shop_statue, shop, nicolae_shop_crystal, uniq_maurice
D:8:      layout_basic, nicolae_gozag_cash_rules_everything_around_me,
          erik_lair_island, serial_shops, shop
D:9:      layout_roguey, lemuel_blue_sif_altar, nicolae_elyvilon_temple_path,
          serial_shops, nicolae_shop_back_alley_shop,
          minmay_fractal_squares_gapless_7
D:10:     layout_cave_pools, fedhas_ov_isle_minmay, nicolae_ru_awakened_eye,
          jmf_multi_god_temple, minmay_curled_crystal, minmay_checkerbox,
          uniq_grum
Temple:   jpeg_temple_clearing

Skill      XL: |  1  2  3  4  5  6  7  8  9 10 11 |
---------------+----------------------------------+-----
Fighting       | 1 2 3 4 5 7 |  7.5
Short Blades   | 2 3 5 7 8 9 10 | 10.0
Armour         | 2 3 5 |  5.0
Invocations    | 1 3 5 6 |  6.3
Stealth        | 5 6 |  6.3
Dodging        | |  1.5
Spellcasting   | |  2.1
Necromancy     | |  4.0

Action                     |  1- 3 |  4- 6 |  7- 9 | 10-12 || total
---------------------------+-------+-------+-------+-------++-------
  Melee: Unarmed           |    55 |       |       |       ||    55
         Bite              |    39 |    71 |   129 |   104 ||   343
         Punch             |     2 |     3 |     3 |     2 ||    10
         Dagger            |    82 |   199 |   402 |   250 ||   933
Ability: Begin Untransform |       |     1 |       |       ||     1
  Evoke: Wand              |       |     3 |    16 |     6 ||    25
    Use: Scroll            |       |     8 |     8 |     7 ||    23
         Potion            |       |       |       |     1 ||     1
   Stab: Sleeping          |     7 |     2 |     1 |     2 ||    12
         Paralysed         |       |       |     5 |     5 ||    10
         Invisible         |       |       |     1 |     1 ||     2
         Distracted        |       |       |       |     1 ||     1
 Armour: Robe              |    90 |       |       |       ||    90
         Ring mail         |       |   136 |   202 |    31 ||   369
         Steam dragon scal |       |       |       |    61 ||    61
  Dodge: Dodged            |    78 |   103 |   108 |    67 ||   356
  Block: Other             |       |       |    49 |     7 ||    56
         Buckler           |       |       |       |    83 ||    83
         Reflection        |       |       |       |     7 ||     7
   Form: Beast             |     1 |       |       |       ||     1
